 Dungeon Crawl Stone Soup version 0.23.0 (webtiles) character file.

Game seed: 17662795350422556066

952 Folque the Magician (level 7, -2/55 HPs)
             Began as a Black Draconian Earth Elementalist on Feb 12, 2019.
             Was an Initiate of Sif Muna.
             Slain by a cyclops (29 damage)
             ... on level 8 of the Dungeon.
             The game lasted 00:22:31 (5009 turns).

Folque the Magician (DrEE)                          Turns: 5009, Time: 00:22:32

Health: -2/55      AC:  6    Str: 10    XL:     7   Next: 90%
Magic:  3/14       EV: 13    Int: 18    God:    Sif Muna [......]
Gold:   276        SH:  0    Dex: 11    Spells: 1/16 levels left

rFire    . . .     SeeInvis .   k - +4 dagger
rCold    . . .     Gourm    .   (no shield)
rNeg     . . .     Faith    .   (armour unavailable)
rPois    .         Spirit   .   (helmet restricted)
rElec    +         Reflect  .   (no cloak)
rCorr    .         Harm     .   (no gloves)
MR       .....                  (no boots)
Stlth    +.........             (no amulet)
HPRegen  0.18/turn              (no ring)
MPRegen  0.14/turn              (no ring)

@: short of breath
A: breathe lightning, unfitting armour, hooves 1, mutation resistance 1,
electricity resistance, cold-blooded, AC +6
a: Breathe Lightning, Renounce Religion


You were on level 8 of the Dungeon.
You worshipped Sif Muna.
Sif Muna was noncommittal.
You were not hungry.

You visited 1 branch of the dungeon, and saw 6 of its levels.

You collected 276 gold pieces.

Inventory:

Hand Weapons
 d - a +0 short sword
 k - a +4 dagger (weapon)
Missiles
 b - 155 stones (quivered)
Armour
 i - a +1 pair of gloves
Magical Staves
 r - an uncursed staff of air
Jewellery
 e - a +1 ring of protection {unknown}
 j - an uncursed ring of flight {unknown}
 t - a +1 ring of evasion {unknown}
Wands
 h - a wand of random effects (16)
Scrolls
 a - 3 scrolls of remove curse
 f - 2 scrolls of identify
 q - 2 scrolls of enchant weapon {unknown}
 s - 2 scrolls of magic mapping
 w - 2 scrolls of teleportation
Potions
 g - a potion of brilliance
 l - 3 potions of mutation
 m - 3 potions of heal wounds {unknown}
 n - a potion of resistance {unknown}
 o - a potion of magic {unknown}
 p - a potion of cancellation {unknown}
 u - a potion of ambrosia {unknown}
Comestibles
 c - 8 rations
 v - 9 chunks of flesh


   Skills:
 - Level 2.0 Fighting
 + Level 2.9 Dodging
 - Level 1.7 Stealth
 - Level 5.0 Spellcasting
 + Level 1.6 Conjurations
 - Level 3.0 Transmutations
 + Level 5.0 Earth Magic
 + Level 1.1 Invocations


You had one spell level left.
You knew the following spells:

 Your Spells              Type           Power        Failure   Level  Hunger
a - Sandblast             Erth           ###...       1%          1    None
b - Passwall              Tmut/Erth      ###.....     3%          2    #......
c - Stone Arrow           Conj/Erth      ###...       10%         3    ##.....
d - Lee's Rapid Deconstr  Erth           ###.......   41%         5    ######.
e - Petrify               Tmut/Erth      ###.....     24%         4    ####...

Your spell library contained the following spells:

 Spells                   Type           Power        Failure   Level  Hunger


Dungeon Overview and Level Annotations

Branches:
Dungeon (8/15)
 Temple: D:4-7         Lair: D:8-11

Altars:
Cheibriados
Elyvilon
Kikubaaqudgha
Makhleb
Qazlal
Sif Muna
Trog
The Shining One

Annotations:
D:5 Duvessa, Eustachio


Innate Abilities, Weirdness & Mutations

You can breathe wild blasts of lightning.
Your glossy black scales are hard. (AC +6)
You cannot fit into any form of body armour.
You are resistant to electric shocks. (rElec)
You are cold-blooded and may be slowed by cold attacks.
You have large cloven feet.
You are somewhat resistant to further mutation.


Message History

The cyclops easily resists.
The cyclops hits you!!
You feel better.
You breathe a wild blast of lightning!
The orb of electricity explodes!
The orb of electricity engulfs you. You resist.
The orb of electricity engulfs the cyclops!
The cyclops is moderately wounded.
You hear a mighty clap of thunder!
The bolt of lightning misses you.
The orb of electricity explodes!
The orb of electricity engulfs you! You resist.
The orb of electricity engulfs the cyclops!
The cyclops is moderately wounded.
You feel somewhat more hungry. The cyclops closely misses you.
You feel better. The cyclops barely misses you.
You hit the cyclops but do no damage.
The cyclops is moderately wounded.
You hit the cyclops.
The cyclops is heavily wounded.
The cyclops hits you!!
Ouch! That really hurt!
You die...

####### #.....#########
#######.....#.......###
#...#C@................
#...#.#.....#.#####(###
#...#.#######.#........
###.......# #.#........
#.....#.#.#####.#......##
#.....#...C).(.......รท...
#.....###.(...#....._..##
#.....# #(#.#.###........
#.....###.#.#.##....C..+.


You could see a cyclops.

Vanquished Creatures
  2 ogres
  A bullfrog (D:8)
  A scorpion (D:4)
  A crimson imp (D:8)
  2 jellies
  An orc priest (D:4)
  2 centaur skeletons
  5 orc wizards
  Terence (D:1)
  3 worker ants
  2 hound zombies (D:5)
  A hound skeleton (D:4)
  A worker ant zombie (D:5)
  10 adders
  2 oozes
  An adder skeleton (D:3)
  An adder zombie (D:5)
  A worm (D:2)
  A dart slug (D:1)
  2 leopard geckos (D:1)
  11 orcs
  A ball python (D:1)
  7 bats
  2 giant cockroaches
  8 goblins
  5 hobgoblins
  6 jackals
  11 kobolds
  3 quokkas
  9 frilled lizards
  2 jackal skeletons (D:4)
  A jackal zombie (D:5)
  A leopard gecko skeleton (D:3)
  A quokka zombie (D:5)
  5 rats
114 creatures vanquished.

Notes
Turn   | Place    | Note
-------+----------+-------------------------------------------
     0 | D:1      | Folque the Draconian Earth Elementalist began the quest for
                  | the Orb.
     0 | D:1      | Reached XP level 1. HP: 14/14 MP: 3/3
    59 | D:1      | Reached skill level 1 in Fighting
    59 | D:1      | Reached XP level 2. HP: 7/23 MP: 0/5
   505 | D:1      | Reached XP level 3. HP: 22/29 MP: 3/6
  1051 | D:2      | Learned a level 2 spell: Passwall
  1055 | D:2      | Learned a level 3 spell: Stone Arrow
  1196 | D:2      | Found a bloodstained altar of Trog.
  1284 | D:2      | Found a glowing golden altar of the Shining One.
  1468 | D:2      | Noticed Terence
  1531 | D:1      | Killed Terence
  1531 | D:1      | Reached XP level 4. HP: 35/36 MP: 0/8
  1626 | D:2      | Reached skill level 1 in Conjurations
  2045 | D:3      | Found an ancient bone altar of Kikubaaqudgha.
  2173 | D:3      | Reached XP level 5. HP: 40/41 MP: 3/10
  2414 | D:3      | Found a stormy altar of Qazlal.
  2583 | D:3      | Found a white marble altar of Elyvilon.
  3042 | D:3      | Found a snail-covered altar of Cheibriados.
  3081 | D:4      | Learned a level 5 spell: Lee's Rapid Deconstruction
  3255 | D:4      | Noticed an ogre
  3382 | D:4      | Noticed an ogre
  3398 | D:4      | Killed an ogre
  3398 | D:4      | Reached XP level 6. HP: 48/48 MP: 0/12
  3513 | D:4      | Reached skill level 5 in Earth Magic
  3548 | D:4      | Gained mutation: You have large cloven feet. [potion of
                  | mutation]
  3548 | D:4      | Gained mutation: You are somewhat resistant to further
                  | mutation. [potion of mutation]
  3788 | D:4      | Reached skill level 5 in Spellcasting
  3970 | D:4      | Your scales start taking on a glossy black colour.
  3970 | D:4      | Reached XP level 7. HP: 53/55 MP: 4/14
  3970 | D:4      | Gained mutation: You are resistant to electric shocks.
                  | (rElec) [Black Draconian growth]
  3979 | D:4      | Learned a level 4 spell: Petrify
  4204 | D:5      | Entered Level 5 of the Dungeon
  4349 | D:5      | Noticed Eustachio
  4373 | D:5      | Noticed Duvessa
  4572 | D:5      | You fall through a shaft for 3 floors!
  4578 | D:8      | Noticed a five-headed hydra
  4768 | D:8      | Found a deep blue altar of Sif Muna.
  4778 | D:8      | Became a worshipper of Sif Muna the Loreminder
  4783 | D:8      | Reached skill level 5 in Earth Magic
  4913 | D:8      | Found a burning altar of Makhleb.
  4966 | D:8      | Reached skill level 1 in Invocations
  4980 | D:8      | Noticed a cyclops
  5009 | D:8      | Slain by a cyclops

Skill      XL: |  1  2  3  4  5  6  7 |
---------------+----------------------+-----
Fighting       | 1 2 |  2.0
Spellcasting   | 3 4 5 |  5.0
Conjurations   | 1 |  1.6
Earth Magic    | 4 4 5 |  5.0
Dodging        | 2 |  2.9
Transmutations | 3 |  3.0
Invocations    | 1 |  1.1
Stealth        | |  1.7

Action                   |  1- 3 |  4- 6 |  7- 9 || total
-------------------------+-------+-------+-------++-------
Melee: Unarmed           |    36 |       |       ||    36
       Tailslap          |     4 |    10 |     4 ||    18
       Short sword       |    87 |       |       ||    87
       Dagger            |    13 |   116 |    33 ||   162
       Kick              |       |     2 |     5 ||     7
 Cast: Sandblast         |    19 |    22 |    14 ||    55
       Stone Arrow       |     5 |    23 |    18 ||    46
       Passwall          |       |     1 |       ||     1
       Lee's Rapid Decon |       |     1 |     2 ||     3
       Petrify           |       |       |     1 ||     1
 Abil: Breathe Lightning |       |       |     3 ||     3
  Use: Scroll            |       |     5 |     2 ||     7
       Potion            |       |     3 |     2 ||     5
 Stab: Sleeping          |     3 |     2 |     1 ||     6
       Distracted        |     1 |       |       ||     1
  Eat: Chunk             |     2 |     8 |     3 ||    13
       Ration            |       |     1 |     1 ||     2
Armor: Skin              |    39 |    36 |    24 ||    99
Dodge: Dodged            |    91 |    72 |    52 ||   215
